 Dungeon Crawl Stone Soup version 0.28-a0-1594-ga885d4b3d6 (webtiles) character file.

Game seed: 16707844041768671815

56 grumblor the Skirmisher (level 3, 0/30 HPs)
             Began as a Mummy Fighter on Jan 21, 2022.
             Slain by a shadow imp (4 damage)
             ... summoned by Natasha
             ... on level 3 of the Dungeon.
             The game lasted 00:02:18 (1873 turns).

grumblor the Skirmisher (Mummy Fighter)             Turns: 1873, Time: 00:02:19

Health: 0/30       AC: 11    Str: 21    XL:     3   Next: 69%
Magic:  3/3        EV:  6    Int:  7    God:
Gold:   61         SH:  4    Dex: 11    Spells: 2/2 levels left

rFire   x . .      SeeInvis .   a - +0 war axe
rCold   + . .      Faith    .   c - +0 buckler
rNeg    + + +      Spirit   .   d - +0 plate armour
rPois   ∞          Reflect  .   (no helmet)
rElec   .          Harm     .   (no cloak)
rCorr   .          Rampage  .   (no gloves)
Will    .....                   (no boots)
Stlth   ..........              (no amulet)
HPRegen 0.10/turn               (no ring)
MPRegen 0.08/turn               (no ring)

@: slowed, very slow
A: cold resistance 1, negative energy resistance 3, torment resistance 2, heat
vulnerability 1, no potions
a: no special abilities


You were on level 3 of the Dungeon.
You visited 1 branch of the dungeon, and saw 3 of its levels.

You collected 61 gold pieces.

Inventory:

Hand Weapons
 a - a +0 war axe (weapon)
Armour
 c - a +0 buckler (worn)
 d - a +0 plate armour (worn)
Scrolls
 b - a scroll of identify
 f - a scroll of teleportation


   Skills:
 * Level 3.8 Fighting
 + Level 2.3 Axes
 * Level 2.4 Armour
 * Level 1.1 Dodging
 - Level 2.4 Shields


You had 2 spell levels left.
You didn't know any spells.
Your spell library contained the following spells:

 Spells                   Type           Power      Damage    Failure   Level
 Fulminant Prism          Conj/Hex       0%         3d6       100%        4
 Iskenderun's Mystic Bla  Conj/Tloc      0%         2d3       100%        4
 Lee's Rapid Deconstruct  Erth           0%         3d5*      100%        5


Dungeon Overview and Level Annotations

Branches:
Dungeon (3/15)

Altars:

Annotations:
D:3 Natasha


Innate Abilities, Weirdness & Mutations

You are immune to poison.
Your flesh is cold resistant. (rC+)
You are immune to negative energy. (rN+++)
You are immune to unholy pain and torment.
You are vulnerable to heat. (rF-)
You do not drink.


Message History

You block Natasha's attack. Natasha claws you!
You barely miss Natasha. Natasha claws you but does no damage.
Natasha barely misses you.
You hit Natasha.
Natasha is lightly wounded.
Natasha claws you. Natasha barely misses you.
You barely miss Natasha.
Natasha is lightly wounded.
Natasha claws you but does no damage. Natasha claws you.
You miss Natasha.
Natasha is lightly wounded.
Natasha mumbles some strange words.
Natasha closely misses you.
You hit Natasha.
Natasha is heavily wounded.
You closely miss the shadow imp. You block Natasha's attack.
You block the shadow imp's attack. Natasha claws you.
The shadow imp hits you but does no damage.
You hit Natasha but do no damage.
Natasha is heavily wounded.
You barely miss the shadow imp. Natasha claws you but does no damage.
You block the shadow imp's attack. You block Natasha's attack.
The shadow imp barely misses you.
You barely miss Natasha.
Natasha is heavily wounded.
You barely miss the shadow imp.
Natasha howls an incantation.
Natasha glows brightly for a moment.
Natasha stares at you and mumbles some strange words.
The magic dart hits you! The shadow imp hits you.
* * * LOW HITPOINT WARNING * * *
Natasha claws you.
* * * LOW HITPOINT WARNING * * *
The shadow imp barely misses you.
You closely miss Natasha.
Natasha is heavily wounded.
You barely miss the shadow imp. Natasha closely misses you.
The shadow imp disappears for a moment.
The shadow imp hits you.
You die...

######## #......#
#......# #......#
. #......## ###
...#......5##.?...
....!.....@h....>#
#...#...#.##.##.#
# #.#.#...
#.#.##.... #.#.#
.#.... #..<#
......
#.#...#.#...
#.#...#.. ..
#.#.#.#


You could see Natasha and a shadow imp (summoned).

Vanquished Creatures
  An adder skeleton (D:2)
  An adder zombie (D:2)
  3 dart slugs (D:2)
  An orc (D:2)
  3 ball pythons
  A bat skeleton (D:2)
  3 endoplasms
  5 hobgoblins
  9 jackals
  2 ball python zombies (D:2)
  2 bats (D:2)
  A frilled lizard (D:2)
  4 goblins
  A kobold (D:2)
  2 rats
39 creatures vanquished.

Vanquished Creatures (others)
  A withered plant (D:2)
1 creature vanquished.

Grand Total: 40 creatures vanquished

Notes
Turn   | Place    | Note
-------+----------+-------------------------------------------
     0 | D:1      | grumblor the Mummy Fighter began the quest for the Orb.
     0 | D:1      | Reached XP level 1. HP: 18/18 MP: 1/1
     0 | D:1      | Noticed an iron dragon
     0 | D:1      | Noticed an ice dragon
     1 | D:1      | Noticed a shadow dragon
     3 | D:1      | Noticed an ice dragon
     3 | D:1      | Noticed a shadow dragon
     6 | D:1      | Noticed a shadow dragon
     7 | D:1      | Noticed a tentacled monstrosity
     8 | D:1      | Noticed an iron dragon
    11 | D:1      | Noticed an orb of fire
    11 | D:1      | Noticed a green draconian
    13 | D:1      | Noticed an orb of fire
    15 | D:1      | Noticed a tentacled monstrosity
    15 | D:1      | Noticed a shadow dragon
    15 | D:1      | Noticed a shadow dragon
    17 | D:1      | Noticed an ice dragon
    17 | D:1      | Noticed a tentacled monstrosity
   242 | D:1      | Found a faded altar of an unknown god.
   559 | D:1      | Reached XP level 2. HP: 24/24 MP: 2/2
  1215 | D:2      | Reached XP level 3. HP: 26/30 MP: 3/3
  1263 | D:2      | Reached skill level 1 in Dodging
  1863 | D:3      | Noticed Natasha
  1873 | D:3      | Slain by a shadow imp

Illustrated notes

Levels and vault maps discovered:
D:1:      shiori_arrival_whats_in_store_for_you, layout_basic,
          ebering_ecumenical_altar_ruins, chequers_serial_rivers_large_a
D:2:      wander_river, layout_basic, serial_undead, serial_undead_f,
          serial_undead_f, serial_undead_b, serial_undead_a, serial_undead_e
D:3:      minmay_door_path, layout_basic, mainiacjoe_overflow_small_starburst,
          nicolae_tso_swordbearing_angel, cheibrodos_sewer_entry_drain,
          nicolae_figureground_sparkle, uniq_jessica, uniq_terence,
          uniq_natasha, uniq_ijyb, uniq_robin

Skill      XL: |  1  2  3 |
---------------+----------+-----
Axes           | 2 |  2.3
Dodging        | 1 |  1.1
Fighting       | |  3.8
Armour         | |  2.4
Shields        | |  2.4

Action                   || total
-------------------------++-------
Melee: War axe           ||    89
  Use: Scroll            ||     2
Armor: Scale mail        ||    40
       Plate armour      ||    38
Dodge: Dodged            ||    64
Block: Buckler           ||    16

Table legend: (Time is in decaauts)
 A = Elapsed time spent in this place.
 B = Non-inter-level travel time spent in this place.
 C = Inter-level travel time spent in this place.
 D = Time resting spent in this place.
 E = Time spent auto-exploring this place.
 F = Levels seen in this place.
 G = Mean time per level.
                   A        B        C        D        E       F      G
               +--------+--------+--------+--------+--------+-----+--------+
         Total |   1928 |   1870 |     58 |     73 |   1531 |   3 |  642.7 |
       Dungeon |   1928 |   1870 |     58 |     73 |   1531 |   3 |  642.7 |
               +--------+--------+--------+--------+--------+-----+--------+

Top non-repeatable levels by time:
     D:1: 1011 daAuts
     D:2: 890 daAuts
     D:3: 26 daAuts
